Workbook

Sheet Сведения о НИ
A3: Перечень неиспользуемых объектов недвижимого имущества филиала "Экотехнопарк «Мирный» ФГУП "ФЭО"
A4: № п/п | B4: Индивидуализирующие характеристики | I4: Сведения о ликвидности по результатам мониторинга потенциального спроса
B5: № счета учета в 1 С ERP | C5: Наименование (по данным 1С) | D5: Инвентарный номер (для объектов ОС) | E5: Кадастровый номер | F5: Характеристики | H5: Сведения о текущем состоянии имущества | I5: По результатам рассылки по списку | N5: По результатам размещения на специализированных Интернет-ресурсах
N6: atomproperty.ru | P6: бесплатные ЭТП и специализированные Интернет-ресурсы
F7: площадь (кв.м), протяженность (м), объем (куб.м.), глубина (м), | G7: ед.изм. | I7: Аренда | J7: Продажа | K7: Перераспределение имущества подвед-ми ГК «Росатом» | L7: Перераспределение имущества | M7: Передача на иной уровень собственности | N7: Аренда | O7: Продажа | P7: Аренда | Q7: Продажа
A9: 1 | B9: 2 | C9: 3 | D9: 4 | E9: 5 | F9: 6 | G9: 6.1 | H9: 7 | I9: =#REF!+1 -> #REF! | J9: =I9+1 -> #REF! | K9: =J9+1 -> #REF! | L9: =K9+1 -> #REF! | M9: =L9+1 -> #REF! | N9: =M9+1 -> #REF! | O9: =N9+1 -> #REF! | P9: =O9+1 -> #REF! | Q9: =P9+1 -> #REF!
A10: 1 | B10: 01 | C10: Здание 1003-переработки жидких отходов и приготовления дегазирующих реагентов | D10: МИР0000014 | E10: 43:24:310110:187 | F10: 4025.9 | G10: кв.м | H10: Согласно Технического отчета № 8473-07-24-ЗС-ТО по результатам обследования строительных конструкций от 18.11.2024: Строительные конструкции соответствуют предъявленным к ним требованиям безопасности. Техническое состояние несущих конструкций здания классифицируется как работоспособное. Здание пригодно к дальнейшей эксплуатации (в течение 3-х лет) до следующего проведения технического обследования в 2027 году (не позднее 24.08.2027 года). | I10: заинтересантов нет | J10: АО "Упигц" | K10: заинтересантов нет | L10: ФГУП "Титул" | M10: Курганская область | N10: ФГУП "Радон" | O10: заинтересантов нет | P10: ООО "Жерар" | Q10: заинтересантов нет
A11: =A10+1 -> 2 | B11: 01 | C11: Здание №1001-Здание детоксикации ФОВ (печное отделение) | D11: МИР0000053 | E11: 43:24:010306:775 | F11: 7929.7 | G11: кв.м | H11: Согласно Технического отчета № 8490-07-24-ЗС-ТО по результатам обследования строительных конструкций от 18.11.2024: Строительные конструкции соответствуют предъявленным к ним требованиям безопасности. Техническое состояние несущих конструкций здания классифицируется как работоспособное. Здание пригодно к дальнейшей эксплуатации (в течение 5-и лет) до следующего проведения технического обследования в 2029 году (не позднее 12.09.2029 года).
A12: =A11+1 -> 3 | B12: 01 | C12: Здание №1001 - Здание детоксикации ФОВ | D12: МИР0000054 | E12: 43:24:010306:781 | F12: 14508.8 | G12: кв.м | H12: Согласно Технического отчета № 8491-07-24-ЗС-ТО по результатам обследования строительных конструкций от 18.11.2024: Строительные конструкции соответствуют предъявленным к ним требованиям безопасности. Техническое состояние несущих конструкций здания классифицируется как работоспособное. Здание пригодно к дальнейшей эксплуатации (в течение 5-и лет) до следующего проведения технического обследования в 2029 году (не позднее 12.09.2029 года).
A13: =A12+1 -> 4 | B13: 01 | C13: Здание №1003Н-наружная установка по очистке сточных производственных вод | D13: МИР0000015 | E13: 43:24:310110:173 | F13: 314.8 | G13: кв.м | H13: Согласно Технического отчета № 8474-07-24-ЗС-ТО по результатам обследования строительных конструкций от 18.11.2024: Строительные конструкции соответствуют предъявленным к ним требованиям безопасности. Техническое состояние несущих конструкций здания классифицируется как работоспособное. Здание пригодно к дальнейшей эксплуатации (в течение 3-х лет) до следующего проведения технического обследования в 2027 году (не позднее 24.08.2027 года).
A14: =A13+1 -> 5 | B14: 01 | C14: Здание № 1048/1 Уничтожение ДС и ВДС | D14: МИР0000051 | E14: 43:24:010306:784 | F14: 1647 | G14: кв.м. | H14: Состояние удовлетворительное
A15: 6 | B15: 01 | C15: Сооружение №1050, метеоплощадка ( инв № 40000000115) | D15: Мир0000020 | E15: 43:24:310110:193 | F15: 236 | G15: кв.м. | H15: Согласно Технического отчета № 8461-07-24-ЗС-ТО по результатам обследования строительных конструкций от 18.11.2024: сооружение ограниченно работоспособное, имеется разрушение отделочного слоя и защитного слоя бетона, коррозия металлоконструкций.

Sheet Расчет влияния на фин.рез
B2: Не требует заполнения! Заполняется автоматически на основе данных таблицы "Сведения о НИ" (ст.1-ст.49)
A5: № п/п | B5: Наименование (по данным 1С) | C5: Движение денежных средств (ДДС), за период | L5: 5 | M5: лет | P5: Влияние на финансовый результат, за период | AR5: =L5 -> 5 | AS5: =M5 -> лет
C6: Аренда | E6: Аренда | F6: Продажа | H6: Продажа | I6: Демонтаж | K6: Демонтаж | L6: Передача (БП) | N6: Передача (БП) | P6: Аренда | V6: Продажа | AD6: Демонтаж | AM6: Передача (БП)
C7: поступление денежных средств от сдачи в аренду за минусом затрат на передачу в аренду и ежегодных затрат, (ст.21-(ст.18+ст.19))Х5-ст.22 | D7: экономия на затратах | F7: поступление денежных средств от реализации имущества за минусом затрат на реализацию и ежегодных затрат, ст.24-ст.25-(ст.18+ст.19) | G7: экономия на ежегодных затратах на налоги и эксплуатацию, (ст.18+ст.19)Х5 | I7: поступление денежных средств от реализации лома за минусом стоимости услуг контрагента и ежегодных затрат, ст.48-ст.41-ст.50-(ст.18+ст.19) | J7: экономия на ежегодных затратах на налоги и эксплуатацию, и на модельных смесях, (ст.18+ст.19)Х5+ст.49 | L7: нулевой доход за минусом стоимости ежегодных затрат, 0-(ст.18+ст.19) | M7: экономия на ежегодных затратах на налоги и эксплуатацию, (ст.18+ст.19)Х5 | P7: Расчет влияния на прибыль/убыток до налогообложения | Q7: Размер возможной годовой арендной платы, руб. | R7: Затраты на проведение оценки | S7: Амортизация | T7: Налоги | U7: Эксплуатация | V7: Расчет влияния на прибыль/убыток до налогообложения | W7: Размер возможной стоимости имущества, руб. | X7: Затраты на проведение оценки | Y7: Амортизация | Z7: Налоги | AA7: Эксплуатация | AB7: Списание остаточной стоимости | AC7: Резерв под обесценение | AD7: Расчет влияния на прибыль/убыток до налогообложения | AE7: Ожидаемый доход от вовлечения в ХО вторичных материальных ресурсов, образованных после демонтажа | AF7: Стоимость затрат на утилизацию отходов, образованных после демонтажа (кроме ВМР) | AG7: Расчетная стоимость работ по демонтажу | AH7: Амортизация | AI7: Налоги | AJ7: Эксплуатация | AK7: Списание остаточной стоимости | AL7: Резерв под обесценение | AM7: Расчет влияния на прибыль/убыток до налогообложения | AN7: Доход | AO7: Амортизация | AP7: Налоги | AQ7: Эксплуатация | AR7: Списание остаточной стоимости | AS7: Резерв под обесценение
E8: техническая колонка для расчета | H8: техническая колонка для расчета | K8: техническая колонка для расчета | N8: техническая колонка для расчета
A9: 1 | B9: 2 | C9: 3 | D9: =C9+1 -> 4 | F9: =D9+1 -> 5 | G9: =F9+1 -> 6 | I9: =G9+1 -> 7 | J9: =I9+1 -> 8 | L9: =J9+1 -> 9 | M9: =L9+1 -> 10 | P9: 3 | Q9: =P9+1 -> 4 | R9: =Q9+1 -> 5 | S9: =R9+1 -> 6 | T9: =S9+1 -> 7 | U9: =T9+1 -> 8 | V9: =U9+1 -> 9 | W9: =V9+1 -> 10 | X9: =W9+1 -> 11 | ... AS9: =AR9+1 -> 32
A10: ='[1]Сведения о НИ'!A9 -> 1 | B10: ='Сведения о НИ'!C10 -> Здание 1003-переработки жидких отходов и приготовления дегазирующих реагентов | C10: ='[1]Сведения о НИ'!V9*$L$5-'[1]Сведения о НИ'!W9-('[1]Сведения о НИ'!R9+'[1]Сведения о НИ'!S9)*$L$5 -> 22336453 | D10: 0 | E10: =C10+D10 -> 22336453 | F10: ='[1]Сведения о НИ'!Z9-'[1]Сведения о НИ'!AA9-('[1]Сведения о НИ'!R9+'[1]Сведения о НИ'!S9) -> 50598311 | G10: =('[1]Сведения о НИ'!R9+'[1]Сведения о НИ'!S9)*$L$5 -> 21933448 | H10: =F10+G10 -> 72531759 | I10: ='[1]Сведения о НИ'!AZ9-'[1]Сведения о НИ'!AS9-'[1]Сведения о НИ'!BB9-('[1]Сведения о НИ'!R9+'[1]Сведения о НИ'!S9) -> 25613310 | J10: =('[1]Сведения о НИ'!R9+'[1]Сведения о НИ'!S9)*5+'[1]Сведения о НИ'!BA9 -> 21933448 | K10: =I10+J10 -> 47546758 | L10: =0-('[1]Сведения о НИ'!R9+'[1]Сведения о НИ'!S9) -> -4386689.5 | M10: =('[1]Сведения о НИ'!R9+'[1]Сведения о НИ'!S9)*$L$5 -> 21933448 | N10: =L10+M10 -> 17546758 | P10: =Q10-R10-S10-T10-U10 -> #REF! | Q10: =#REF!*$AR$5 -> #REF! | R10: =#REF! -> #REF! | S10: =IF(#REF!*$AR$5>#REF!-#REF!, #REF!-#REF!, #REF!*$AR$5) -> #REF! | T10: =#REF!*$AR$5 -> #REF! | U10: =#REF!*$AR$5 -> #REF! | V10: =W10+X10+Y10+Z10+AA10+AB10+AC10 -> #REF! | W10: =#REF! -> #REF! | X10: =-#REF! -> #REF! | Y10: =IF(#REF!*$AR$5>#REF!-#REF!, #REF!-#REF!, #REF!*$AR$5) -> #REF! | Z10: =#REF!*$AR$5 -> #REF! | AA10: =#REF!*$AR$5 -> #REF! | AB10: =-#REF! -> #REF! | AC10: =#REF! -> #REF! | AD10: =AE10+AF10+AG10+AH10+AI10+AJ10+AK10+AL10 -> #REF! | AE10: =#REF!+#REF!+#REF!+#REF! -> #REF! | AF10: =-#REF! -> #REF! | AG10: =-#REF! -> #REF! | AH10: =IF(#REF!*$AR$5>#REF!-#REF!, #REF!-#REF!, #REF!*$AR$5) -> #REF! | AI10: =#REF!*$AR$5 -> #REF! | AJ10: =#REF!*$AR$5 -> #REF! | AK10: =-#REF! -> #REF! | AL10: =#REF! -> #REF! | AM10: =AO10+AP10+AQ10+AR10+AS10 -> #REF! | AN10: 0 | AO10: =IF(#REF!*$AR$5>#REF!-#REF!, #REF!-#REF!, #REF!*$AR$5) -> #REF! | AP10: =#REF!*$AR$5 -> #REF! | AQ10: =#REF!*$AR$5 -> #REF! | AR10: =-#REF! -> #REF! | AS10: =#REF! -> #REF! | AU10: =P10-#REF! -> #REF! | AV10: =V10-#REF! -> #REF! | AW10: =AD10-#REF! -> #REF! | AX10: =AM10-#REF! -> #REF!
A11: ='[1]Сведения о НИ'!A10 -> 2 | B11: ='Сведения о НИ'!C11 -> Здание №1001-Здание детоксикации ФОВ (печное отделение) | C11: ='[1]Сведения о НИ'!V10*$L$5-'[1]Сведения о НИ'!W10-('[1]Сведения о НИ'!R10+'[1]Сведения о НИ'!S10)*$L$5 -> 33559968 | D11: 0 | E11: =C11+D11 -> 33559968 | F11: ='[1]Сведения о НИ'!Z10-'[1]Сведения о НИ'!AA10-('[1]Сведения о НИ'!R10+'[1]Сведения о НИ'!S10) -> 27554654 | G11: =('[1]Сведения о НИ'!R10+'[1]Сведения о НИ'!S10)*$L$5 -> 37151732 | H11: =F11+G11 -> 64706385 | I11: ='[1]Сведения о НИ'!AZ10-'[1]Сведения о НИ'!AS10-'[1]Сведения о НИ'!BB10-('[1]Сведения о НИ'!R10+'[1]Сведения о НИ'!S10) -> -13430346 | J11: =('[1]Сведения о НИ'!R10+'[1]Сведения о НИ'!S10)*5+'[1]Сведения о НИ'!BA10 -> 37151732 | K11: =I11+J11 -> 23721385 | L11: =0-('[1]Сведения о НИ'!R10+'[1]Сведения о НИ'!S10) -> -7430346.3 | M11: =('[1]Сведения о НИ'!R10+'[1]Сведения о НИ'!S10)*$L$5 -> 37151732 | N11: =L11+M11 -> 29721385 | P11: =Q11-R11-S11-T11-U11 -> #REF! | Q11: =#REF!*$AR$5 -> #REF! | R11: =#REF! -> #REF! | S11: =IF(#REF!*$AR$5>#REF!-#REF!, #REF!-#REF!, #REF!*$AR$5) -> #REF! | T11: =#REF!*$AR$5 -> #REF! | U11: =#REF!*$AR$5 -> #REF! | V11: =W11+X11+Y11+Z11+AA11+AB11+AC11 -> #REF! | W11: =#REF! -> #REF! | X11: =-#REF! -> #REF! | Y11: =IF(#REF!*$AR$5>#REF!-#REF!, #REF!-#REF!, #REF!*$AR$5) -> #REF! | Z11: =#REF!*$AR$5 -> #REF! | AA11: =#REF!*$AR$5 -> #REF! | AB11: =-#REF! -> #REF! | AC11: =#REF! -> #REF! | AD11: =AE11+AF11+AG11+AH11+AI11+AJ11+AK11+AL11 -> #REF! | AE11: =#REF!+#REF!+#REF!+#REF! -> #REF! | AF11: =-#REF! -> #REF! | AG11: =-#REF! -> #REF! | AH11: =IF(#REF!*$AR$5>#REF!-#REF!, #REF!-#REF!, #REF!*$AR$5) -> #REF! | AI11: =#REF!*$AR$5 -> #REF! | AJ11: =#REF!*$AR$5 -> #REF! | AK11: =-#REF! -> #REF! | AL11: =#REF! -> #REF! | AM11: =AO11+AP11+AQ11+AR11+AS11 -> #REF! | AN11: 0 | AO11: =IF(#REF!*$AR$5>#REF!-#REF!, #REF!-#REF!, #REF!*$AR$5) -> #REF! | AP11: =#REF!*$AR$5 -> #REF! | AQ11: =#REF!*$AR$5 -> #REF! | AR11: =-#REF! -> #REF! | AS11: =#REF! -> #REF! | AU11: =P11-#REF! -> #REF! | AV11: =V11-#REF! -> #REF! | AW11: =AD11-#REF! -> #REF! | AX11: =AM11-#REF! -> #REF!
A12: ='[1]Сведения о НИ'!A11 -> 3 | B12: ='Сведения о НИ'!C12 -> Здание №1001 - Здание детоксикации ФОВ | C12: ='[1]Сведения о НИ'!V11*$L$5-'[1]Сведения о НИ'!W11-('[1]Сведения о НИ'!R11+'[1]Сведения о НИ'!S11)*$L$5 -> -43803881 | D12: 0 | E12: =C12+D12 -> -43803881 | F12: ='[1]Сведения о НИ'!Z11-'[1]Сведения о НИ'!AA11-('[1]Сведения о НИ'!R11+'[1]Сведения о НИ'!S11) -> 51219224 | G12: =('[1]Сведения о НИ'!R11+'[1]Сведения о НИ'!S11)*$L$5 -> 43778881 | H12: =F12+G12 -> 94998105 | I12: ='[1]Сведения о НИ'!AZ11-'[1]Сведения о НИ'!AS11-'[1]Сведения о НИ'!BB11-('[1]Сведения о НИ'!R11+'[1]Сведения о НИ'!S11) -> -5255776.3 | J12: =('[1]Сведения о НИ'!R11+'[1]Сведения о НИ'!S11)*5+'[1]Сведения о НИ'!BA11 -> 43778881 | K12: =I12+J12 -> 38523105 | L12: =0-('[1]Сведения о НИ'!R11+'[1]Сведения о НИ'!S11) -> -8755776.3 | M12: =('[1]Сведения о НИ'!R11+'[1]Сведения о НИ'!S11)*$L$5 -> 43778881 | N12: =L12+M12 -> 35023105 | P12: =Q12-R12-S12-T12-U12 -> #REF! | Q12: =#REF!*$AR$5 -> #REF! | R12: =#REF! -> #REF! | S12: =IF(#REF!*$AR$5>#REF!-#REF!, #REF!-#REF!, #REF!*$AR$5) -> #REF! | T12: =#REF!*$AR$5 -> #REF! | U12: =#REF!*$AR$5 -> #REF! | V12: =W12+X12+Y12+Z12+AA12+AB12+AC12 -> #REF! | W12: =#REF! -> #REF! | X12: =-#REF! -> #REF! | Y12: =IF(#REF!*$AR$5>#REF!-#REF!, #REF!-#REF!, #REF!*$AR$5) -> #REF! | Z12: =#REF!*$AR$5 -> #REF! | AA12: =#REF!*$AR$5 -> #REF! | AB12: =-#REF! -> #REF! | AC12: =#REF! -> #REF! | AD12: =AE12+AF12+AG12+AH12+AI12+AJ12+AK12+AL12 -> #REF! | AE12: =#REF!+#REF!+#REF!+#REF! -> #REF! | AF12: =-#REF! -> #REF! | AG12: =-#REF! -> #REF! | AH12: =IF(#REF!*$AR$5>#REF!-#REF!, #REF!-#REF!, #REF!*$AR$5) -> #REF! | AI12: =#REF!*$AR$5 -> #REF! | AJ12: =#REF!*$AR$5 -> #REF! | AK12: =-#REF! -> #REF! | AL12: =#REF! -> #REF! | AM12: =AO12+AP12+AQ12+AR12+AS12 -> #REF! | AN12: 0 | AO12: =IF(#REF!*$AR$5>#REF!-#REF!, #REF!-#REF!, #REF!*$AR$5) -> #REF! | AP12: =#REF!*$AR$5 -> #REF! | AQ12: =#REF!*$AR$5 -> #REF! | AR12: =-#REF! -> #REF! | AS12: =#REF! -> #REF! | AU12: =P12-#REF! -> #REF! | AV12: =V12-#REF! -> #REF! | AW12: =AD12-#REF! -> #REF! | AX12: =AM12-#REF! -> #REF!
A13: ='[1]Сведения о НИ'!A12 -> 4 | B13: ='Сведения о НИ'!C13 -> Здание №1003Н-наружная установка по очистке сточных производственных вод | C13: ='[1]Сведения о НИ'!V12*$L$5-'[1]Сведения о НИ'!W12-('[1]Сведения о НИ'!R12+'[1]Сведения о НИ'!S12)*$L$5 -> -245678.42 | D13: 0 | E13: =C13+D13 -> -245678.42 | F13: ='[1]Сведения о НИ'!Z12-'[1]Сведения о НИ'!AA12-('[1]Сведения о НИ'!R12+'[1]Сведения о НИ'!S12) -> -56545.684 | G13: =('[1]Сведения о НИ'!R12+'[1]Сведения о НИ'!S12)*$L$5 -> 275228.42 | H13: =F13+G13 -> 218682.74 | I13: ='[1]Сведения о НИ'!AZ12-'[1]Сведения о НИ'!AS12-'[1]Сведения о НИ'!BB12-('[1]Сведения о НИ'!R12+'[1]Сведения о НИ'!S12) -> 294954.32 | J13: =('[1]Сведения о НИ'!R12+'[1]Сведения о НИ'!S12)*5+'[1]Сведения о НИ'!BA12 -> 275228.42 | K13: =I13+J13 -> 570182.74 | L13: =0-('[1]Сведения о НИ'!R12+'[1]Сведения о НИ'!S12) -> -55045.684 | M13: =('[1]Сведения о НИ'!R12+'[1]Сведения о НИ'!S12)*$L$5 -> 275228.42 | N13: =L13+M13 -> 220182.74 | P13: =Q13-R13-S13-T13-U13 -> #REF! | Q13: =#REF!*$AR$5 -> #REF! | R13: =#REF! -> #REF! | S13: =IF(#REF!*$AR$5>#REF!-#REF!, #REF!-#REF!, #REF!*$AR$5) -> #REF! | T13: =#REF!*$AR$5 -> #REF! | U13: =#REF!*$AR$5 -> #REF! | V13: =W13+X13+Y13+Z13+AA13+AB13+AC13 -> #REF! | W13: =#REF! -> #REF! | X13: =-#REF! -> #REF! | Y13: =IF(#REF!*$AR$5>#REF!-#REF!, #REF!-#REF!, #REF!*$AR$5) -> #REF! | Z13: =#REF!*$AR$5 -> #REF! | AA13: =#REF!*$AR$5 -> #REF! | AB13: =-#REF! -> #REF! | AC13: =#REF! -> #REF! | AD13: =AE13+AF13+AG13+AH13+AI13+AJ13+AK13+AL13 -> #REF! | AE13: =#REF!+#REF!+#REF!+#REF! -> #REF! | AF13: =-#REF! -> #REF! | AG13: =-#REF! -> #REF! | AH13: =IF(#REF!*$AR$5>#REF!-#REF!, #REF!-#REF!, #REF!*$AR$5) -> #REF! | AI13: =#REF!*$AR$5 -> #REF! | AJ13: =#REF!*$AR$5 -> #REF! | AK13: =-#REF! -> #REF! | AL13: =#REF! -> #REF! | AM13: =AO13+AP13+AQ13+AR13+AS13 -> #REF! | AN13: 0 | AO13: =IF(#REF!*$AR$5>#REF!-#REF!, #REF!-#REF!, #REF!*$AR$5) -> #REF! | AP13: =#REF!*$AR$5 -> #REF! | AQ13: =#REF!*$AR$5 -> #REF! | AR13: =-#REF! -> #REF! | AS13: =#REF! -> #REF! | AU13: =P13-#REF! -> #REF! | AV13: =V13-#REF! -> #REF! | AW13: =AD13-#REF! -> #REF! | AX13: =AM13-#REF! -> #REF!
A14: ='[1]Сведения о НИ'!A13 -> 5 | B14: ='Сведения о НИ'!C14 -> Здание № 1048/1 Уничтожение ДС и ВДС | C14: ='[1]Сведения о НИ'!V13*$L$5-'[1]Сведения о НИ'!W13-('[1]Сведения о НИ'!R13+'[1]Сведения о НИ'!S13)*$L$5 -> 25240758 | D14: 0 | E14: =C14+D14 -> 25240758 | F14: ='[1]Сведения о НИ'!Z13-'[1]Сведения о НИ'!AA13-('[1]Сведения о НИ'!R13+'[1]Сведения о НИ'!S13) -> -622248.32 | G14: =('[1]Сведения о НИ'!R13+'[1]Сведения о НИ'!S13)*$L$5 -> 3086241.6 | H14: =F14+G14 -> 2463993.3 | I14: ='[1]Сведения о НИ'!AZ13-'[1]Сведения о НИ'!AS13-'[1]Сведения о НИ'!BB13-('[1]Сведения о НИ'!R13+'[1]Сведения о НИ'!S13) -> -1167248.3 | J14: =('[1]Сведения о НИ'!R13+'[1]Сведения о НИ'!S13)*5+'[1]Сведения о НИ'!BA13 -> 3086241.6 | K14: =I14+J14 -> 1918993.3 | L14: =0-('[1]Сведения о НИ'!R13+'[1]Сведения о НИ'!S13) -> -617248.32 | M14: =('[1]Сведения о НИ'!R13+'[1]Сведения о НИ'!S13)*$L$5 -> 3086241.6 | N14: =L14+M14 -> 2468993.3 | P14: =Q14-R14-S14-T14-U14 -> #REF! | Q14: =#REF!*$AR$5 -> #REF! | R14: =#REF! -> #REF! | S14: =IF(#REF!*$AR$5>#REF!-#REF!, #REF!-#REF!, #REF!*$AR$5) -> #REF! | T14: =#REF!*$AR$5 -> #REF! | U14: =#REF!*$AR$5 -> #REF! | V14: =W14+X14+Y14+Z14+AA14+AB14+AC14 -> #REF! | W14: =#REF! -> #REF! | X14: =-#REF! -> #REF! | Y14: =IF(#REF!*$AR$5>#REF!-#REF!, #REF!-#REF!, #REF!*$AR$5) -> #REF! | Z14: =#REF!*$AR$5 -> #REF! | AA14: =#REF!*$AR$5 -> #REF! | AB14: =-#REF! -> #REF! | AC14: =#REF! -> #REF! | AD14: =AE14+AF14+AG14+AH14+AI14+AJ14+AK14+AL14 -> #REF! | AE14: =#REF!+#REF!+#REF!+#REF! -> #REF! | AF14: =-#REF! -> #REF! | AG14: =-#REF! -> #REF! | AH14: =IF(#REF!*$AR$5>#REF!-#REF!, #REF!-#REF!, #REF!*$AR$5) -> #REF! | AI14: =#REF!*$AR$5 -> #REF! | AJ14: =#REF!*$AR$5 -> #REF! | AK14: =-#REF! -> #REF! | AL14: =#REF! -> #REF! | AM14: =AO14+AP14+AQ14+AR14+AS14 -> #REF! | AN14: 0 | AO14: =IF(#REF!*$AR$5>#REF!-#REF!, #REF!-#REF!, #REF!*$AR$5) -> #REF! | AP14: =#REF!*$AR$5 -> #REF! | AQ14: =#REF!*$AR$5 -> #REF! | AR14: =-#REF! -> #REF! | AS14: =#REF! -> #REF! | AU14: =P14-#REF! -> #REF! | AV14: =V14-#REF! -> #REF! | AW14: =AD14-#REF! -> #REF! | AX14: =AM14-#REF! -> #REF!
A15: ='[1]Сведения о НИ'!A14 -> 6 | B15: '#ref'! | C15: ='[1]Сведения о НИ'!V14*$L$5-'[1]Сведения о НИ'!W14-('[1]Сведения о НИ'!R14+'[1]Сведения о НИ'!S14)*$L$5 -> -81825.594 | D15: 0 | E15: =C15+D15 -> -81825.594 | F15: ='[1]Сведения о НИ'!Z14-'[1]Сведения о НИ'!AA14-('[1]Сведения о НИ'!R14+'[1]Сведения о НИ'!S14) -> -20365.119 | G15: =('[1]Сведения о НИ'!R14+'[1]Сведения о НИ'!S14)*$L$5 -> 76825.594 | H15: =F15+G15 -> 56460.475 | I15: ='[1]Сведения о НИ'!AZ14-'[1]Сведения о НИ'!AS14-'[1]Сведения о НИ'!BB14-('[1]Сведения о НИ'!R14+'[1]Сведения о НИ'!S14) -> -317365.12 | J15: =('[1]Сведения о НИ'!R14+'[1]Сведения о НИ'!S14)*5+'[1]Сведения о НИ'!BA14 -> 76825.594 | K15: =I15+J15 -> -240539.52 | L15: =0-('[1]Сведения о НИ'!R14+'[1]Сведения о НИ'!S14) -> -15365.119 | M15: =('[1]Сведения о НИ'!R14+'[1]Сведения о НИ'!S14)*$L$5 -> 76825.594 | N15: =L15+M15 -> 61460.475 | P15: =Q15-R15-S15-T15-U15 -> #VALUE! | Q15: '#ref'!*$AR$5 | R15: '#ref'! | S15: IF('#ref'!*$AR$5>'#ref'!-'#ref'!, '#ref'!-'#ref'!, '#ref'!*$AR$5) | T15: '#ref'!*$AR$5 | U15: '#ref'!*$AR$5 | V15: =W15+X15+Y15+Z15+AA15+AB15+AC15 -> #VALUE! | W15: '#ref'! | X15: -'#ref'! | Y15: IF('#ref'!*$AR$5>'#ref'!-'#ref'!, '#ref'!-'#ref'!, '#ref'!*$AR$5) | Z15: '#ref'!*$AR$5 | AA15: '#ref'!*$AR$5 | AB15: -'#ref'! | AC15: '#ref'! | AD15: =AE15+AF15+AG15+AH15+AI15+AJ15+AK15+AL15 -> #VALUE! | AE15: '#ref'!+'#ref'!+'#ref'!+'#ref'! | AF15: -'#ref'! | AG15: -'#ref'! | AH15: IF('#ref'!*$AR$5>'#ref'!-'#ref'!, '#ref'!-'#ref'!, '#ref'!*$AR$5) | AI15: '#ref'!*$AR$5 | AJ15: '#ref'!*$AR$5 | AK15: -'#ref'! | AL15: '#ref'! | AM15: =AO15+AP15+AQ15+AR15+AS15 -> #VALUE! | AN15: 0 | AO15: IF('#ref'!*$AR$5>'#ref'!-'#ref'!, '#ref'!-'#ref'!, '#ref'!*$AR$5) | AP15: '#ref'!*$AR$5 | AQ15: '#ref'!*$AR$5 | AR15: -'#ref'! | AS15: '#ref'! | AU15: P15-'#ref'! | AV15: V15-'#ref'! | AW15: AD15-'#ref'! | AX15: AM15-'#ref'!
A16: ='[1]Сведения о НИ'!A15 -> 7 | B16: '#ref'! | C16: ='[1]Сведения о НИ'!V15*$L$5-'[1]Сведения о НИ'!W15-('[1]Сведения о НИ'!R15+'[1]Сведения о НИ'!S15)*$L$5 -> 160118.53 | D16: 0 | E16: =C16+D16 -> 160118.53 | F16: ='[1]Сведения о НИ'!Z15-'[1]Сведения о НИ'!AA15-('[1]Сведения о НИ'!R15+'[1]Сведения о НИ'!S15) -> 324343.71 | G16: =('[1]Сведения о НИ'!R15+'[1]Сведения о НИ'!S15)*$L$5 -> 853281.47 | H16: =F16+G16 -> 1177625.2 | I16: ='[1]Сведения о НИ'!AZ15-'[1]Сведения о НИ'!AS15-'[1]Сведения о НИ'!BB15-('[1]Сведения о НИ'!R15+'[1]Сведения о НИ'!S15) -> -2345656.3 | J16: =('[1]Сведения о НИ'!R15+'[1]Сведения о НИ'!S15)*5+'[1]Сведения о НИ'!BA15 -> 853281.47 | K16: =I16+J16 -> -1492374.8 | L16: =0-('[1]Сведения о НИ'!R15+'[1]Сведения о НИ'!S15) -> -170656.29 | M16: =('[1]Сведения о НИ'!R15+'[1]Сведения о НИ'!S15)*$L$5 -> 853281.47 | N16: =L16+M16 -> 682625.18 | P16: =Q16-R16-S16-T16-U16 -> #VALUE! | Q16: '#ref'!*$AR$5 | R16: '#ref'! | S16: IF('#ref'!*$AR$5>'#ref'!-'#ref'!, '#ref'!-'#ref'!, '#ref'!*$AR$5) | T16: '#ref'!*$AR$5 | U16: '#ref'!*$AR$5 | V16: =W16+X16+Y16+Z16+AA16+AB16+AC16 -> #VALUE! | W16: '#ref'! | X16: -'#ref'! | Y16: IF('#ref'!*$AR$5>'#ref'!-'#ref'!, '#ref'!-'#ref'!, '#ref'!*$AR$5) | Z16: '#ref'!*$AR$5 | AA16: '#ref'!*$AR$5 | AB16: -'#ref'! | AC16: '#ref'! | AD16: =AE16+AF16+AG16+AH16+AI16+AJ16+AK16+AL16 -> #VALUE! | AE16: '#ref'!+'#ref'!+'#ref'!+'#ref'! | AF16: -'#ref'! | AG16: -'#ref'! | AH16: IF('#ref'!*$AR$5>'#ref'!-'#ref'!, '#ref'!-'#ref'!, '#ref'!*$AR$5) | AI16: '#ref'!*$AR$5 | AJ16: '#ref'!*$AR$5 | AK16: -'#ref'! | AL16: '#ref'! | AM16: =AO16+AP16+AQ16+AR16+AS16 -> #VALUE! | AN16: 0 | AO16: IF('#ref'!*$AR$5>'#ref'!-'#ref'!, '#ref'!-'#ref'!, '#ref'!*$AR$5) | AP16: '#ref'!*$AR$5 | AQ16: '#ref'!*$AR$5 | AR16: -'#ref'! | AS16: '#ref'! | AU16: P16-'#ref'! | AV16: V16-'#ref'! | AW16: AD16-'#ref'! | AX16: AM16-'#ref'!
A17: ='[1]Сведения о НИ'!A16 -> 0 | B17: =#REF! -> #REF! | C17: ='[1]Сведения о НИ'!V16*$L$5-'[1]Сведения о НИ'!W16-('[1]Сведения о НИ'!R16+'[1]Сведения о НИ'!S16)*$L$5 -> 0 | D17: 0 | E17: =C17+D17 -> 0 | F17: ='[1]Сведения о НИ'!Z16-'[1]Сведения о НИ'!AA16-('[1]Сведения о НИ'!R16+'[1]Сведения о НИ'!S16) -> 0 | G17: =('[1]Сведения о НИ'!R16+'[1]Сведения о НИ'!S16)*$L$5 -> 0 | H17: =F17+G17 -> 0 | I17: ='[1]Сведения о НИ'!AZ16-'[1]Сведения о НИ'!AS16-'[1]Сведения о НИ'!BB16-('[1]Сведения о НИ'!R16+'[1]Сведения о НИ'!S16) -> 0 | J17: =('[1]Сведения о НИ'!R16+'[1]Сведения о НИ'!S16)*5+'[1]Сведения о НИ'!BA16 -> 0 | K17: =I17+J17 -> 0 | L17: =0-('[1]Сведения о НИ'!R16+'[1]Сведения о НИ'!S16) -> 0 | M17: =('[1]Сведения о НИ'!R16+'[1]Сведения о НИ'!S16)*$L$5 -> 0 | N17: =L17+M17 -> 0 | P17: =Q17-R17-S17-T17-U17 -> #REF! | Q17: =#REF!*$AR$5 -> #REF! | R17: =#REF! -> #REF! | S17: =IF(#REF!*$AR$5>#REF!-#REF!, #REF!-#REF!, #REF!*$AR$5) -> #REF! | T17: =#REF!*$AR$5 -> #REF! | U17: =#REF!*$AR$5 -> #REF! | V17: =W17+X17+Y17+Z17+AA17+AB17+AC17 -> #REF! | W17: =#REF! -> #REF! | X17: =-#REF! -> #REF! | Y17: =IF(#REF!*$AR$5>#REF!-#REF!, #REF!-#REF!, #REF!*$AR$5) -> #REF! | Z17: =#REF!*$AR$5 -> #REF! | AA17: =#REF!*$AR$5 -> #REF! | AB17: =-#REF! -> #REF! | AC17: =#REF! -> #REF! | AD17: =AE17+AF17+AG17+AH17+AI17+AJ17+AK17+AL17 -> #REF! | AE17: =#REF!+#REF!+#REF!+#REF! -> #REF! | AF17: =-#REF! -> #REF! | AG17: =-#REF! -> #REF! | AH17: =IF(#REF!*$AR$5>#REF!-#REF!, #REF!-#REF!, #REF!*$AR$5) -> #REF! | AI17: =#REF!*$AR$5 -> #REF! | AJ17: =#REF!*$AR$5 -> #REF! | AK17: =-#REF! -> #REF! | AL17: =#REF! -> #REF! | AM17: =AO17+AP17+AQ17+AR17+AS17 -> #REF! | AN17: 0 | AO17: =IF(#REF!*$AR$5>#REF!-#REF!, #REF!-#REF!, #REF!*$AR$5) -> #REF! | AP17: =#REF!*$AR$5 -> #REF! | AQ17: =#REF!*$AR$5 -> #REF! | AR17: =-#REF! -> #REF! | AS17: =#REF! -> #REF! | AU17: P17-'#ref'! | AV17: V17-'#ref'! | AW17: AD17-'#ref'! | AX17: AM17-'#ref'!
A18: ='[1]Сведения о НИ'!A17 -> 0 | B18: =#REF! -> #REF! | C18: ='[1]Сведения о НИ'!V17*$L$5-'[1]Сведения о НИ'!W17-('[1]Сведения о НИ'!R17+'[1]Сведения о НИ'!S17)*$L$5 -> 0 | D18: 0 | E18: =C18+D18 -> 0 | F18: ='[1]Сведения о НИ'!Z17-'[1]Сведения о НИ'!AA17-('[1]Сведения о НИ'!R17+'[1]Сведения о НИ'!S17) -> 0 | G18: =('[1]Сведения о НИ'!R17+'[1]Сведения о НИ'!S17)*$L$5 -> 0 | H18: =F18+G18 -> 0 | I18: ='[1]Сведения о НИ'!AZ17-'[1]Сведения о НИ'!AS17-'[1]Сведения о НИ'!BB17-('[1]Сведения о НИ'!R17+'[1]Сведения о НИ'!S17) -> 0 | J18: =('[1]Сведения о НИ'!R17+'[1]Сведения о НИ'!S17)*5+'[1]Сведения о НИ'!BA17 -> 0 | K18: =I18+J18 -> 0 | L18: =0-('[1]Сведения о НИ'!R17+'[1]Сведения о НИ'!S17) -> 0 | M18: =('[1]Сведения о НИ'!R17+'[1]Сведения о НИ'!S17)*$L$5 -> 0 | N18: =L18+M18 -> 0 | P18: =Q18-R18-S18-T18-U18 -> #REF! | Q18: =#REF!*$AR$5 -> #REF! | R18: =#REF! -> #REF! | S18: =IF(#REF!*$AR$5>#REF!-#REF!, #REF!-#REF!, #REF!*$AR$5) -> #REF! | T18: =#REF!*$AR$5 -> #REF! | U18: =#REF!*$AR$5 -> #REF! | V18: =W18+X18+Y18+Z18+AA18+AB18+AC18 -> #REF! | W18: =#REF! -> #REF! | X18: =-#REF! -> #REF! | Y18: =IF(#REF!*$AR$5>#REF!-#REF!, #REF!-#REF!, #REF!*$AR$5) -> #REF! | Z18: =#REF!*$AR$5 -> #REF! | AA18: =#REF!*$AR$5 -> #REF! | AB18: =-#REF! -> #REF! | AC18: =#REF! -> #REF! | AD18: =AE18+AF18+AG18+AH18+AI18+AJ18+AK18+AL18 -> #REF! | AE18: =#REF!+#REF!+#REF!+#REF! -> #REF! | AF18: =-#REF! -> #REF! | AG18: =-#REF! -> #REF! | AH18: =IF(#REF!*$AR$5>#REF!-#REF!, #REF!-#REF!, #REF!*$AR$5) -> #REF! | AI18: =#REF!*$AR$5 -> #REF! | AJ18: =#REF!*$AR$5 -> #REF! | AK18: =-#REF! -> #REF! | AL18: =#REF! -> #REF! | AM18: =AO18+AP18+AQ18+AR18+AS18 -> #REF! | AN18: 0 | AO18: =IF(#REF!*$AR$5>#REF!-#REF!, #REF!-#REF!, #REF!*$AR$5) -> #REF! | AP18: =#REF!*$AR$5 -> #REF! | AQ18: =#REF!*$AR$5 -> #REF! | AR18: =-#REF! -> #REF! | AS18: =#REF! -> #REF! | AU18: P18-'#ref'! | AV18: V18-'#ref'! | AW18: AD18-'#ref'! | AX18: AM18-'#ref'!
A19: ='[1]Сведения о НИ'!A18 -> 0 | B19: ='Сведения о НИ'!C16 -> 0 | C19: ='[1]Сведения о НИ'!V18*$L$5-'[1]Сведения о НИ'!W18-('[1]Сведения о НИ'!R18+'[1]Сведения о НИ'!S18)*$L$5 -> 0 | D19: 0 | E19: =C19+D19 -> 0 | F19: ='[1]Сведения о НИ'!Z18-'[1]Сведения о НИ'!AA18-('[1]Сведения о НИ'!R18+'[1]Сведения о НИ'!S18) -> 0 | G19: =('[1]Сведения о НИ'!R18+'[1]Сведения о НИ'!S18)*$L$5 -> 0 | H19: =F19+G19 -> 0 | I19: ='[1]Сведения о НИ'!AZ18-'[1]Сведения о НИ'!AS18-'[1]Сведения о НИ'!BB18-('[1]Сведения о НИ'!R18+'[1]Сведения о НИ'!S18) -> 0 | J19: =('[1]Сведения о НИ'!R18+'[1]Сведения о НИ'!S18)*5+'[1]Сведения о НИ'!BA18 -> 0 | K19: =I19+J19 -> 0 | L19: =0-('[1]Сведения о НИ'!R18+'[1]Сведения о НИ'!S18) -> 0 | M19: =('[1]Сведения о НИ'!R18+'[1]Сведения о НИ'!S18)*$L$5 -> 0 | N19: =L19+M19 -> 0 | P19: =Q19-R19-S19-T19-U19 -> #REF! | Q19: =#REF!*$AR$5 -> #REF! | R19: =#REF! -> #REF! | S19: =IF(#REF!*$AR$5>#REF!-#REF!, #REF!-#REF!, #REF!*$AR$5) -> #REF! | T19: =#REF!*$AR$5 -> #REF! | U19: =#REF!*$AR$5 -> #REF! | V19: =W19+X19+Y19+Z19+AA19+AB19+AC19 -> #REF! | W19: =#REF! -> #REF! | X19: =-#REF! -> #REF! | Y19: =IF(#REF!*$AR$5>#REF!-#REF!, #REF!-#REF!, #REF!*$AR$5) -> #REF! | Z19: =#REF!*$AR$5 -> #REF! | AA19: =#REF!*$AR$5 -> #REF! | AB19: =-#REF! -> #REF! | AC19: =#REF! -> #REF! | AD19: =AE19+AF19+AG19+AH19+AI19+AJ19+AK19+AL19 -> #REF! | AE19: =#REF!+#REF!+#REF!+#REF! -> #REF! | AF19: =-#REF! -> #REF! | AG19: =-#REF! -> #REF! | AH19: =IF(#REF!*$AR$5>#REF!-#REF!, #REF!-#REF!, #REF!*$AR$5) -> #REF! | AI19: =#REF!*$AR$5 -> #REF! | AJ19: =#REF!*$AR$5 -> #REF! | AK19: =-#REF! -> #REF! | AL19: =#REF! -> #REF! | AM19: =AO19+AP19+AQ19+AR19+AS19 -> #REF! | AN19: 0 | AO19: =IF(#REF!*$AR$5>#REF!-#REF!, #REF!-#REF!, #REF!*$AR$5) -> #REF! | AP19: =#REF!*$AR$5 -> #REF! | AQ19: =#REF!*$AR$5 -> #REF! | AR19: =-#REF! -> #REF! | AS19: =#REF! -> #REF! | AU19: P19-'#ref'! | AV19: V19-'#ref'! | AW19: AD19-'#ref'! | AX19: AM19-'#ref'!
A20: ='[1]Сведения о НИ'!A16 -> 0 | B20: ='Сведения о НИ'!C17 -> 0 | C20: ='[1]Сведения о НИ'!V19*$L$5-'[1]Сведения о НИ'!W19-('[1]Сведения о НИ'!R19+'[1]Сведения о НИ'!S19)*$L$5 -> 0 | D20: 0 | E20: =C20+D20 -> 0 | F20: ='[1]Сведения о НИ'!Z19-'[1]Сведения о НИ'!AA19-('[1]Сведения о НИ'!R19+'[1]Сведения о НИ'!S19) -> 0 | G20: =('[1]Сведения о НИ'!R19+'[1]Сведения о НИ'!S19)*$L$5 -> 0 | H20: =F20+G20 -> 0 | I20: ='[1]Сведения о НИ'!AZ19-'[1]Сведения о НИ'!AS19-'[1]Сведения о НИ'!BB19-('[1]Сведения о НИ'!R19+'[1]Сведения о НИ'!S19) -> 0 | J20: =('[1]Сведения о НИ'!R19+'[1]Сведения о НИ'!S19)*5+'[1]Сведения о НИ'!BA19 -> 0 | K20: =I20+J20 -> 0 | L20: =0-('[1]Сведения о НИ'!R19+'[1]Сведения о НИ'!S19) -> 0 | M20: =('[1]Сведения о НИ'!R19+'[1]Сведения о НИ'!S19)*$L$5 -> 0 | N20: =L20+M20 -> 0 | P20: =Q20-R20-S20-T20-U20 -> #REF! | Q20: =#REF!*$AR$5 -> #REF! | R20: =#REF! -> #REF! | S20: =IF(#REF!*$AR$5>#REF!-#REF!, #REF!-#REF!, #REF!*$AR$5) -> #REF! | T20: =#REF!*$AR$5 -> #REF! | U20: =#REF!*$AR$5 -> #REF! | V20: =W20+X20+Y20+Z20+AA20+AB20+AC20 -> #REF! | W20: =#REF! -> #REF! | X20: =-#REF! -> #REF! | Y20: =IF(#REF!*$AR$5>#REF!-#REF!, #REF!-#REF!, #REF!*$AR$5) -> #REF! | Z20: =#REF!*$AR$5 -> #REF! | AA20: =#REF!*$AR$5 -> #REF! | AB20: =-#REF! -> #REF! | AC20: =#REF! -> #REF! | AD20: =AE20+AF20+AG20+AH20+AI20+AJ20+AK20+AL20 -> #REF! | AE20: =#REF!+#REF!+#REF!+#REF! -> #REF! | AF20: =-#REF! -> #REF! | AG20: =-#REF! -> #REF! | AH20: =IF(#REF!*$AR$5>#REF!-#REF!, #REF!-#REF!, #REF!*$AR$5) -> #REF! | AI20: =#REF!*$AR$5 -> #REF! | AJ20: =#REF!*$AR$5 -> #REF! | AK20: =-#REF! -> #REF! | AL20: =#REF! -> #REF! | AM20: =AO20+AP20+AQ20+AR20+AS20 -> #REF! | AN20: 0 | AO20: =IF(#REF!*$AR$5>#REF!-#REF!, #REF!-#REF!, #REF!*$AR$5) -> #REF! | AP20: =#REF!*$AR$5 -> #REF! | AQ20: =#REF!*$AR$5 -> #REF! | AR20: =-#REF! -> #REF! | AS20: =#REF! -> #REF! | AU20: P20-'#ref'! | AV20: V20-'#ref'! | AW20: AD20-'#ref'! | AX20: AM20-'#ref'!
A21: ='[1]Сведения о НИ'!A17 -> 0 | B21: ='Сведения о НИ'!C18 -> 0 | C21: ='[1]Сведения о НИ'!V20*$L$5-'[1]Сведения о НИ'!W20-('[1]Сведения о НИ'!R20+'[1]Сведения о НИ'!S20)*$L$5 -> 0 | D21: 0 | E21: =C21+D21 -> 0 | F21: ='[1]Сведения о НИ'!Z20-'[1]Сведения о НИ'!AA20-('[1]Сведения о НИ'!R20+'[1]Сведения о НИ'!S20) -> 0 | G21: =('[1]Сведения о НИ'!R20+'[1]Сведения о НИ'!S20)*$L$5 -> 0 | H21: =F21+G21 -> 0 | I21: ='[1]Сведения о НИ'!AZ20-'[1]Сведения о НИ'!AS20-'[1]Сведения о НИ'!BB20-('[1]Сведения о НИ'!R20+'[1]Сведения о НИ'!S20) -> 0 | J21: =('[1]Сведения о НИ'!R20+'[1]Сведения о НИ'!S20)*5+'[1]Сведения о НИ'!BA20 -> 0 | K21: =I21+J21 -> 0 | L21: =0-('[1]Сведения о НИ'!R20+'[1]Сведения о НИ'!S20) -> 0 | M21: =('[1]Сведения о НИ'!R20+'[1]Сведения о НИ'!S20)*$L$5 -> 0 | N21: =L21+M21 -> 0 | P21: =Q21-R21-S21-T21-U21 -> #REF! | Q21: =#REF!*$AR$5 -> #REF! | R21: =#REF! -> #REF! | S21: =IF(#REF!*$AR$5>#REF!-#REF!, #REF!-#REF!, #REF!*$AR$5) -> #REF! | T21: =#REF!*$AR$5 -> #REF! | U21: =#REF!*$AR$5 -> #REF! | V21: =W21+X21+Y21+Z21+AA21+AB21+AC21 -> #REF! | W21: =#REF! -> #REF! | X21: =-#REF! -> #REF! | Y21: =IF(#REF!*$AR$5>#REF!-#REF!, #REF!-#REF!, #REF!*$AR$5) -> #REF! | Z21: =#REF!*$AR$5 -> #REF! | AA21: =#REF!*$AR$5 -> #REF! | AB21: =-#REF! -> #REF! | AC21: =#REF! -> #REF! | AD21: =AE21+AF21+AG21+AH21+AI21+AJ21+AK21+AL21 -> #REF! | AE21: =#REF!+#REF!+#REF!+#REF! -> #REF! | AF21: =-#REF! -> #REF! | AG21: =-#REF! -> #REF! | AH21: =IF(#REF!*$AR$5>#REF!-#REF!, #REF!-#REF!, #REF!*$AR$5) -> #REF! | AI21: =#REF!*$AR$5 -> #REF! | AJ21: =#REF!*$AR$5 -> #REF! | AK21: =-#REF! -> #REF! | AL21: =#REF! -> #REF! | AM21: =AO21+AP21+AQ21+AR21+AS21 -> #REF! | AN21: 0 | AO21: =IF(#REF!*$AR$5>#REF!-#REF!, #REF!-#REF!, #REF!*$AR$5) -> #REF! | AP21: =#REF!*$AR$5 -> #REF! | AQ21: =#REF!*$AR$5 -> #REF! | AR21: =-#REF! -> #REF! | AS21: =#REF! -> #REF! | AU21: P21-'#ref'! | AV21: V21-'#ref'! | AW21: AD21-'#ref'! | AX21: AM21-'#ref'!
A22: ='[1]Сведения о НИ'!A18 -> 0 | B22: ='Сведения о НИ'!C19 -> 0 | C22: ='[1]Сведения о НИ'!V21*$L$5-'[1]Сведения о НИ'!W21-('[1]Сведения о НИ'!R21+'[1]Сведения о НИ'!S21)*$L$5 -> 0 | D22: 0 | E22: =C22+D22 -> 0 | F22: ='[1]Сведения о НИ'!Z21-'[1]Сведения о НИ'!AA21-('[1]Сведения о НИ'!R21+'[1]Сведения о НИ'!S21) -> 0 | G22: =('[1]Сведения о НИ'!R21+'[1]Сведения о НИ'!S21)*$L$5 -> 0 | H22: =F22+G22 -> 0 | I22: ='[1]Сведения о НИ'!AZ21-'[1]Сведения о НИ'!AS21-'[1]Сведения о НИ'!BB21-('[1]Сведения о НИ'!R21+'[1]Сведения о НИ'!S21) -> 0 | J22: =('[1]Сведения о НИ'!R21+'[1]Сведения о НИ'!S21)*5+'[1]Сведения о НИ'!BA21 -> 0 | K22: =I22+J22 -> 0 | L22: =0-('[1]Сведения о НИ'!R21+'[1]Сведения о НИ'!S21) -> 0 | M22: =('[1]Сведения о НИ'!R21+'[1]Сведения о НИ'!S21)*$L$5 -> 0 | N22: =L22+M22 -> 0 | P22: =Q22-R22-S22-T22-U22 -> #REF! | Q22: =#REF!*$AR$5 -> #REF! | R22: =#REF! -> #REF! | S22: =IF(#REF!*$AR$5>#REF!-#REF!, #REF!-#REF!, #REF!*$AR$5) -> #REF! | T22: =#REF!*$AR$5 -> #REF! | U22: =#REF!*$AR$5 -> #REF! | V22: =W22+X22+Y22+Z22+AA22+AB22+AC22 -> #REF! | W22: =#REF! -> #REF! | X22: =-#REF! -> #REF! | Y22: =IF(#REF!*$AR$5>#REF!-#REF!, #REF!-#REF!, #REF!*$AR$5) -> #REF! | Z22: =#REF!*$AR$5 -> #REF! | AA22: =#REF!*$AR$5 -> #REF! | AB22: =-#REF! -> #REF! | AC22: =#REF! -> #REF! | AD22: =AE22+AF22+AG22+AH22+AI22+AJ22+AK22+AL22 -> #REF! | AE22: =#REF!+#REF!+#REF!+#REF! -> #REF! | AF22: =-#REF! -> #REF! | AG22: =-#REF! -> #REF! | AH22: =IF(#REF!*$AR$5>#REF!-#REF!, #REF!-#REF!, #REF!*$AR$5) -> #REF! | AI22: =#REF!*$AR$5 -> #REF! | AJ22: =#REF!*$AR$5 -> #REF! | AK22: =-#REF! -> #REF! | AL22: =#REF! -> #REF! | AM22: =AO22+AP22+AQ22+AR22+AS22 -> #REF! | AN22: 0 | AO22: =IF(#REF!*$AR$5>#REF!-#REF!, #REF!-#REF!, #REF!*$AR$5) -> #REF! | AP22: =#REF!*$AR$5 -> #REF! | AQ22: =#REF!*$AR$5 -> #REF! | AR22: =-#REF! -> #REF! | AS22: =#REF! -> #REF! | AU22: P22-'#ref'! | AV22: V22-'#ref'! | AW22: AD22-'#ref'! | AX22: AM22-'#ref'!
A23: ='[1]Сведения о НИ'!A19 -> 0 | B23: ='Сведения о НИ'!C20 -> 0 | C23: ='[1]Сведения о НИ'!V19*$L$5-'[1]Сведения о НИ'!W19-('[1]Сведения о НИ'!R19+'[1]Сведения о НИ'!S19)*$L$5 -> 0 | D23: 0 | E23: =C23+D23 -> 0 | F23: ='[1]Сведения о НИ'!Z19-'[1]Сведения о НИ'!AA19-('[1]Сведения о НИ'!R19+'[1]Сведения о НИ'!S19) -> 0 | G23: =('[1]Сведения о НИ'!R19+'[1]Сведения о НИ'!S19)*$L$5 -> 0 | H23: =F23+G23 -> 0 | I23: ='[1]Сведения о НИ'!AZ19-'[1]Сведения о НИ'!AS19-'[1]Сведения о НИ'!BB19-('[1]Сведения о НИ'!R19+'[1]Сведения о НИ'!S19) -> 0 | J23: =('[1]Сведения о НИ'!R19+'[1]Сведения о НИ'!S19)*5+'[1]Сведения о НИ'!BA19 -> 0 | K23: =I23+J23 -> 0 | L23: =0-('[1]Сведения о НИ'!R19+'[1]Сведения о НИ'!S19) -> 0 | M23: =('[1]Сведения о НИ'!R19+'[1]Сведения о НИ'!S19)*$L$5 -> 0 | N23: =L23+M23 -> 0 | P23: =Q23-R23-S23-T23-U23 -> #REF! | Q23: =#REF!*$AR$5 -> #REF! | R23: =#REF! -> #REF! | S23: =IF(#REF!*$AR$5>#REF!-#REF!, #REF!-#REF!, #REF!*$AR$5) -> #REF! | T23: =#REF!*$AR$5 -> #REF! | U23: =#REF!*$AR$5 -> #REF! | V23: =W23+X23+Y23+Z23+AA23+AB23+AC23 -> #REF! | W23: =#REF! -> #REF! | X23: =-#REF! -> #REF! | Y23: =IF(#REF!*$AR$5>#REF!-#REF!, #REF!-#REF!, #REF!*$AR$5) -> #REF! | Z23: =#REF!*$AR$5 -> #REF! | AA23: =#REF!*$AR$5 -> #REF! | AB23: =-#REF! -> #REF! | AC23: =#REF! -> #REF! | AD23: =AE23+AF23+AG23+AH23+AI23+AJ23+AK23+AL23 -> #REF! | AE23: =#REF!+#REF!+#REF!+#REF! -> #REF! | AF23: =-#REF! -> #REF! | AG23: =-#REF! -> #REF! | AH23: =IF(#REF!*$AR$5>#REF!-#REF!, #REF!-#REF!, #REF!*$AR$5) -> #REF! | AI23: =#REF!*$AR$5 -> #REF! | AJ23: =#REF!*$AR$5 -> #REF! | AK23: =-#REF! -> #REF! | AL23: =#REF! -> #REF! | AM23: =AO23+AP23+AQ23+AR23+AS23 -> #REF! | AN23: 0 | AO23: =IF(#REF!*$AR$5>#REF!-#REF!, #REF!-#REF!, #REF!*$AR$5) -> #REF! | AP23: =#REF!*$AR$5 -> #REF! | AQ23: =#REF!*$AR$5 -> #REF! | AR23: =-#REF! -> #REF! | AS23: =#REF! -> #REF! | AU23: P23-'#ref'! | AV23: V23-'#ref'! | AW23: AD23-'#ref'! | AX23: AM23-'#ref'!
A24: ='[1]Сведения о НИ'!A20 -> 0 | B24: ='Сведения о НИ'!C21 -> 0 | C24: ='[1]Сведения о НИ'!V20*$L$5-'[1]Сведения о НИ'!W20-('[1]Сведения о НИ'!R20+'[1]Сведения о НИ'!S20)*$L$5 -> 0 | D24: 0 | E24: =C24+D24 -> 0 | F24: ='[1]Сведения о НИ'!Z20-'[1]Сведения о НИ'!AA20-('[1]Сведения о НИ'!R20+'[1]Сведения о НИ'!S20) -> 0 | G24: =('[1]Сведения о НИ'!R20+'[1]Сведения о НИ'!S20)*$L$5 -> 0 | H24: =F24+G24 -> 0 | I24: ='[1]Сведения о НИ'!AZ20-'[1]Сведения о НИ'!AS20-'[1]Сведения о НИ'!BB20-('[1]Сведения о НИ'!R20+'[1]Сведения о НИ'!S20) -> 0 | J24: =('[1]Сведения о НИ'!R20+'[1]Сведения о НИ'!S20)*5+'[1]Сведения о НИ'!BA20 -> 0 | K24: =I24+J24 -> 0 | L24: =0-('[1]Сведения о НИ'!R20+'[1]Сведения о НИ'!S20) -> 0 | M24: =('[1]Сведения о НИ'!R20+'[1]Сведения о НИ'!S20)*$L$5 -> 0 | N24: =L24+M24 -> 0 | P24: =Q24-R24-S24-T24-U24 -> #REF! | Q24: =#REF!*$AR$5 -> #REF! | R24: =#REF! -> #REF! | S24: =IF(#REF!*$AR$5>#REF!-#REF!, #REF!-#REF!, #REF!*$AR$5) -> #REF! | T24: =#REF!*$AR$5 -> #REF! | U24: =#REF!*$AR$5 -> #REF! | V24: =W24+X24+Y24+Z24+AA24+AB24+AC24 -> #REF! | W24: =#REF! -> #REF! | X24: =-#REF! -> #REF! | Y24: =IF(#REF!*$AR$5>#REF!-#REF!, #REF!-#REF!, #REF!*$AR$5) -> #REF! | Z24: =#REF!*$AR$5 -> #REF! | AA24: =#REF!*$AR$5 -> #REF! | AB24: =-#REF! -> #REF! | AC24: =#REF! -> #REF! | AD24: =AE24+AF24+AG24+AH24+AI24+AJ24+AK24+AL24 -> #REF! | AE24: =#REF!+#REF!+#REF!+#REF! -> #REF! | AF24: =-#REF! -> #REF! | AG24: =-#REF! -> #REF! | AH24: =IF(#REF!*$AR$5>#REF!-#REF!, #REF!-#REF!, #REF!*$AR$5) -> #REF! | AI24: =#REF!*$AR$5 -> #REF! | AJ24: =#REF!*$AR$5 -> #REF! | AK24: =-#REF! -> #REF! | AL24: =#REF! -> #REF! | AM24: =AO24+AP24+AQ24+AR24+AS24 -> #REF! | AN24: 0 | AO24: =IF(#REF!*$AR$5>#REF!-#REF!, #REF!-#REF!, #REF!*$AR$5) -> #REF! | AP24: =#REF!*$AR$5 -> #REF! | AQ24: =#REF!*$AR$5 -> #REF! | AR24: =-#REF! -> #REF! | AS24: =#REF! -> #REF! | AU24: P24-'#ref'! | AV24: V24-'#ref'! | AW24: AD24-'#ref'! | AX24: AM24-'#ref'!
A25: ='[1]Сведения о НИ'!A21 -> 0 | B25: ='Сведения о НИ'!C22 -> 0 | C25: ='[1]Сведения о НИ'!V21*$L$5-'[1]Сведения о НИ'!W21-('[1]Сведения о НИ'!R21+'[1]Сведения о НИ'!S21)*$L$5 -> 0 | D25: 0 | E25: =C25+D25 -> 0 | F25: ='[1]Сведения о НИ'!Z21-'[1]Сведения о НИ'!AA21-('[1]Сведения о НИ'!R21+'[1]Сведения о НИ'!S21) -> 0 | G25: =('[1]Сведения о НИ'!R21+'[1]Сведения о НИ'!S21)*$L$5 -> 0 | H25: =F25+G25 -> 0 | I25: ='[1]Сведения о НИ'!AZ21-'[1]Сведения о НИ'!AS21-'[1]Сведения о НИ'!BB21-('[1]Сведения о НИ'!R21+'[1]Сведения о НИ'!S21) -> 0 | J25: =('[1]Сведения о НИ'!R21+'[1]Сведения о НИ'!S21)*5+'[1]Сведения о НИ'!BA21 -> 0 | K25: =I25+J25 -> 0 | L25: =0-('[1]Сведения о НИ'!R21+'[1]Сведения о НИ'!S21) -> 0 | M25: =('[1]Сведения о НИ'!R21+'[1]Сведения о НИ'!S21)*$L$5 -> 0 | N25: =L25+M25 -> 0 | P25: =Q25-R25-S25-T25-U25 -> #REF! | Q25: =#REF!*$AR$5 -> #REF! | R25: =#REF! -> #REF! | S25: =IF(#REF!*$AR$5>#REF!-#REF!, #REF!-#REF!, #REF!*$AR$5) -> #REF! | T25: =#REF!*$AR$5 -> #REF! | U25: =#REF!*$AR$5 -> #REF! | V25: =W25+X25+Y25+Z25+AA25+AB25+AC25 -> #REF! | W25: =#REF! -> #REF! | X25: =-#REF! -> #REF! | Y25: =IF(#REF!*$AR$5>#REF!-#REF!, #REF!-#REF!, #REF!*$AR$5) -> #REF! | Z25: =#REF!*$AR$5 -> #REF! | AA25: =#REF!*$AR$5 -> #REF! | AB25: =-#REF! -> #REF! | AC25: =#REF! -> #REF! | AD25: =AE25+AF25+AG25+AH25+AI25+AJ25+AK25+AL25 -> #REF! | AE25: =#REF!+#REF!+#REF!+#REF! -> #REF! | AF25: =-#REF! -> #REF! | AG25: =-#REF! -> #REF! | AH25: =IF(#REF!*$AR$5>#REF!-#REF!, #REF!-#REF!, #REF!*$AR$5) -> #REF! | AI25: =#REF!*$AR$5 -> #REF! | AJ25: =#REF!*$AR$5 -> #REF! | AK25: =-#REF! -> #REF! | AL25: =#REF! -> #REF! | AM25: =AO25+AP25+AQ25+AR25+AS25 -> #REF! | AN25: 0 | AO25: =IF(#REF!*$AR$5>#REF!-#REF!, #REF!-#REF!, #REF!*$AR$5) -> #REF! | AP25: =#REF!*$AR$5 -> #REF! | AQ25: =#REF!*$AR$5 -> #REF! | AR25: =-#REF! -> #REF! | AS25: =#REF! -> #REF! | AU25: P25-'#ref'! | AV25: V25-'#ref'! | AW25: AD25-'#ref'! | AX25: AM25-'#ref'!
A26: ='[1]Сведения о НИ'!A22 -> 0 | B26: ='Сведения о НИ'!C23 -> 0 | C26: ='[1]Сведения о НИ'!V22*$L$5-'[1]Сведения о НИ'!W22-('[1]Сведения о НИ'!R22+'[1]Сведения о НИ'!S22)*$L$5 -> 0 | D26: 0 | E26: =C26+D26 -> 0 | F26: ='[1]Сведения о НИ'!Z22-'[1]Сведения о НИ'!AA22-('[1]Сведения о НИ'!R22+'[1]Сведения о НИ'!S22) -> 0 | G26: =('[1]Сведения о НИ'!R22+'[1]Сведения о НИ'!S22)*$L$5 -> 0 | H26: =F26+G26 -> 0 | I26: ='[1]Сведения о НИ'!AZ22-'[1]Сведения о НИ'!AS22-'[1]Сведения о НИ'!BB22-('[1]Сведения о НИ'!R22+'[1]Сведения о НИ'!S22) -> 0 | J26: =('[1]Сведения о НИ'!R22+'[1]Сведения о НИ'!S22)*5+'[1]Сведения о НИ'!BA22 -> 0 | K26: =I26+J26 -> 0 | L26: =0-('[1]Сведения о НИ'!R22+'[1]Сведения о НИ'!S22) -> 0 | M26: =('[1]Сведения о НИ'!R22+'[1]Сведения о НИ'!S22)*$L$5 -> 0 | N26: =L26+M26 -> 0 | P26: =Q26-R26-S26-T26-U26 -> #REF! | Q26: =#REF!*$AR$5 -> #REF! | R26: =#REF! -> #REF! | S26: =IF(#REF!*$AR$5>#REF!-#REF!, #REF!-#REF!, #REF!*$AR$5) -> #REF! | T26: =#REF!*$AR$5 -> #REF! | U26: =#REF!*$AR$5 -> #REF! | V26: =W26+X26+Y26+Z26+AA26+AB26+AC26 -> #REF! | W26: =#REF! -> #REF! | X26: =-#REF! -> #REF! | Y26: =IF(#REF!*$AR$5>#REF!-#REF!, #REF!-#REF!, #REF!*$AR$5) -> #REF! | Z26: =#REF!*$AR$5 -> #REF! | AA26: =#REF!*$AR$5 -> #REF! | AB26: =-#REF! -> #REF! | AC26: =#REF! -> #REF! | AD26: =AE26+AF26+AG26+AH26+AI26+AJ26+AK26+AL26 -> #REF! | AE26: =#REF!+#REF!+#REF!+#REF! -> #REF! | AF26: =-#REF! -> #REF! | AG26: =-#REF! -> #REF! | AH26: =IF(#REF!*$AR$5>#REF!-#REF!, #REF!-#REF!, #REF!*$AR$5) -> #REF! | AI26: =#REF!*$AR$5 -> #REF! | AJ26: =#REF!*$AR$5 -> #REF! | AK26: =-#REF! -> #REF! | AL26: =#REF! -> #REF! | AM26: =AO26+AP26+AQ26+AR26+AS26 -> #REF! | AN26: 0 | AO26: =IF(#REF!*$AR$5>#REF!-#REF!, #REF!-#REF!, #REF!*$AR$5) -> #REF! | AP26: =#REF!*$AR$5 -> #REF! | AQ26: =#REF!*$AR$5 -> #REF! | AR26: =-#REF! -> #REF! | AS26: =#REF! -> #REF! | AU26: P26-'#ref'! | AV26: V26-'#ref'! | AW26: AD26-'#ref'! | AX26: AM26-'#ref'!
A27: ='[1]Сведения о НИ'!A23 -> 0 | B27: ='Сведения о НИ'!C24 -> 0 | C27: ='[1]Сведения о НИ'!V23*$L$5-'[1]Сведения о НИ'!W23-('[1]Сведения о НИ'!R23+'[1]Сведения о НИ'!S23)*$L$5 -> 0 | D27: 0 | E27: =C27+D27 -> 0 | F27: ='[1]Сведения о НИ'!Z23-'[1]Сведения о НИ'!AA23-('[1]Сведения о НИ'!R23+'[1]Сведения о НИ'!S23) -> 0 | G27: =('[1]Сведения о НИ'!R23+'[1]Сведения о НИ'!S23)*$L$5 -> 0 | H27: =F27+G27 -> 0 | I27: ='[1]Сведения о НИ'!AZ23-'[1]Сведения о НИ'!AS23-'[1]Сведения о НИ'!BB23-('[1]Сведения о НИ'!R23+'[1]Сведения о НИ'!S23) -> 0 | J27: =('[1]Сведения о НИ'!R23+'[1]Сведения о НИ'!S23)*5+'[1]Сведения о НИ'!BA23 -> 0 | K27: =I27+J27 -> 0 | L27: =0-('[1]Сведения о НИ'!R23+'[1]Сведения о НИ'!S23) -> 0 | M27: =('[1]Сведения о НИ'!R23+'[1]Сведения о НИ'!S23)*$L$5 -> 0 | N27: =L27+M27 -> 0 | P27: =Q27-R27-S27-T27-U27 -> #REF! | Q27: =#REF!*$AR$5 -> #REF! | R27: =#REF! -> #REF! | S27: =IF(#REF!*$AR$5>#REF!-#REF!, #REF!-#REF!, #REF!*$AR$5) -> #REF! | T27: =#REF!*$AR$5 -> #REF! | U27: =#REF!*$AR$5 -> #REF! | V27: =W27+X27+Y27+Z27+AA27+AB27+AC27 -> #REF! | W27: =#REF! -> #REF! | X27: =-#REF! -> #REF! | Y27: =IF(#REF!*$AR$5>#REF!-#REF!, #REF!-#REF!, #REF!*$AR$5) -> #REF! | Z27: =#REF!*$AR$5 -> #REF! | AA27: =#REF!*$AR$5 -> #REF! | AB27: =-#REF! -> #REF! | AC27: =#REF! -> #REF! | AD27: =AE27+AF27+AG27+AH27+AI27+AJ27+AK27+AL27 -> #REF! | AE27: =#REF!+#REF!+#REF!+#REF! -> #REF! | AF27: =-#REF! -> #REF! | AG27: =-#REF! -> #REF! | AH27: =IF(#REF!*$AR$5>#REF!-#REF!, #REF!-#REF!, #REF!*$AR$5) -> #REF! | AI27: =#REF!*$AR$5 -> #REF! | AJ27: =#REF!*$AR$5 -> #REF! | AK27: =-#REF! -> #REF! | AL27: =#REF! -> #REF! | AM27: =AO27+AP27+AQ27+AR27+AS27 -> #REF! | AN27: 0 | AO27: =IF(#REF!*$AR$5>#REF!-#REF!, #REF!-#REF!, #REF!*$AR$5) -> #REF! | AP27: =#REF!*$AR$5 -> #REF! | AQ27: =#REF!*$AR$5 -> #REF! | AR27: =-#REF! -> #REF! | AS27: =#REF! -> #REF! | AU27: P27-'#ref'! | AV27: V27-'#ref'! | AW27: AD27-'#ref'! | AX27: AM27-'#ref'!
A28: ='[1]Сведения о НИ'!A24 -> 0 | B28: ='Сведения о НИ'!C25 -> 0 | C28: ='[1]Сведения о НИ'!V24*$L$5-'[1]Сведения о НИ'!W24-('[1]Сведения о НИ'!R24+'[1]Сведения о НИ'!S24)*$L$5 -> 0 | D28: 0 | E28: =C28+D28 -> 0 | F28: ='[1]Сведения о НИ'!Z24-'[1]Сведения о НИ'!AA24-('[1]Сведения о НИ'!R24+'[1]Сведения о НИ'!S24) -> 0 | G28: =('[1]Сведения о НИ'!R24+'[1]Сведения о НИ'!S24)*$L$5 -> 0 | H28: =F28+G28 -> 0 | I28: ='[1]Сведения о НИ'!AZ24-'[1]Сведения о НИ'!AS24-'[1]Сведения о НИ'!BB24-('[1]Сведения о НИ'!R24+'[1]Сведения о НИ'!S24) -> 0 | J28: =('[1]Сведения о НИ'!R24+'[1]Сведения о НИ'!S24)*5+'[1]Сведения о НИ'!BA24 -> 0 | K28: =I28+J28 -> 0 | L28: =0-('[1]Сведения о НИ'!R24+'[1]Сведения о НИ'!S24) -> 0 | M28: =('[1]Сведения о НИ'!R24+'[1]Сведения о НИ'!S24)*$L$5 -> 0 | N28: =L28+M28 -> 0 | P28: =Q28-R28-S28-T28-U28 -> #REF! | Q28: =#REF!*$AR$5 -> #REF! | R28: =#REF! -> #REF! | S28: =IF(#REF!*$AR$5>#REF!-#REF!, #REF!-#REF!, #REF!*$AR$5) -> #REF! | T28: =#REF!*$AR$5 -> #REF! | U28: =#REF!*$AR$5 -> #REF! | V28: =W28+X28+Y28+Z28+AA28+AB28+AC28 -> #REF! | W28: =#REF! -> #REF! | X28: =-#REF! -> #REF! | Y28: =IF(#REF!*$AR$5>#REF!-#REF!, #REF!-#REF!, #REF!*$AR$5) -> #REF! | Z28: =#REF!*$AR$5 -> #REF! | AA28: =#REF!*$AR$5 -> #REF! | AB28: =-#REF! -> #REF! | AC28: =#REF! -> #REF! | AD28: =AE28+AF28+AG28+AH28+AI28+AJ28+AK28+AL28 -> #REF! | AE28: =#REF!+#REF!+#REF!+#REF! -> #REF! | AF28: =-#REF! -> #REF! | AG28: =-#REF! -> #REF! | AH28: =IF(#REF!*$AR$5>#REF!-#REF!, #REF!-#REF!, #REF!*$AR$5) -> #REF! | AI28: =#REF!*$AR$5 -> #REF! | AJ28: =#REF!*$AR$5 -> #REF! | AK28: =-#REF! -> #REF! | AL28: =#REF! -> #REF! | AM28: =AO28+AP28+AQ28+AR28+AS28 -> #REF! | AN28: 0 | AO28: =IF(#REF!*$AR$5>#REF!-#REF!, #REF!-#REF!, #REF!*$AR$5) -> #REF! | AP28: =#REF!*$AR$5 -> #REF! | AQ28: =#REF!*$AR$5 -> #REF! | AR28: =-#REF! -> #REF! | AS28: =#REF! -> #REF! | AU28: P28-'#ref'! | AV28: V28-'#ref'! | AW28: AD28-'#ref'! | AX28: AM28-'#ref'!
A29: ='[1]Сведения о НИ'!A25 -> 0 | B29: ='Сведения о НИ'!C26 -> 0 | C29: ='[1]Сведения о НИ'!V25*$L$5-'[1]Сведения о НИ'!W25-('[1]Сведения о НИ'!R25+'[1]Сведения о НИ'!S25)*$L$5 -> 0 | D29: 0 | E29: =C29+D29 -> 0 | F29: ='[1]Сведения о НИ'!Z25-'[1]Сведения о НИ'!AA25-('[1]Сведения о НИ'!R25+'[1]Сведения о НИ'!S25) -> 0 | G29: =('[1]Сведения о НИ'!R25+'[1]Сведения о НИ'!S25)*$L$5 -> 0 | H29: =F29+G29 -> 0 | I29: ='[1]Сведения о НИ'!AZ25-'[1]Сведения о НИ'!AS25-'[1]Сведения о НИ'!BB25-('[1]Сведения о НИ'!R25+'[1]Сведения о НИ'!S25) -> 0 | J29: =('[1]Сведения о НИ'!R25+'[1]Сведения о НИ'!S25)*5+'[1]Сведения о НИ'!BA25 -> 0 | K29: =I29+J29 -> 0 | L29: =0-('[1]Сведения о НИ'!R25+'[1]Сведения о НИ'!S25) -> 0 | M29: =('[1]Сведения о НИ'!R25+'[1]Сведения о НИ'!S25)*$L$5 -> 0 | N29: =L29+M29 -> 0 | P29: =Q29-R29-S29-T29-U29 -> #REF! | Q29: =#REF!*$AR$5 -> #REF! | R29: =#REF! -> #REF! | S29: =IF(#REF!*$AR$5>#REF!-#REF!, #REF!-#REF!, #REF!*$AR$5) -> #REF! | T29: =#REF!*$AR$5 -> #REF! | U29: =#REF!*$AR$5 -> #REF! | V29: =W29+X29+Y29+Z29+AA29+AB29+AC29 -> #REF! | W29: =#REF! -> #REF! | X29: =-#REF! -> #REF! | Y29: =IF(#REF!*$AR$5>#REF!-#REF!, #REF!-#REF!, #REF!*$AR$5) -> #REF! | Z29: =#REF!*$AR$5 -> #REF! | AA29: =#REF!*$AR$5 -> #REF! | AB29: =-#REF! -> #REF! | AC29: =#REF! -> #REF! | AD29: =AE29+AF29+AG29+AH29+AI29+AJ29+AK29+AL29 -> #REF! | AE29: =#REF!+#REF!+#REF!+#REF! -> #REF! | AF29: =-#REF! -> #REF! | AG29: =-#REF! -> #REF! | AH29: =IF(#REF!*$AR$5>#REF!-#REF!, #REF!-#REF!, #REF!*$AR$5) -> #REF! | AI29: =#REF!*$AR$5 -> #REF! | AJ29: =#REF!*$AR$5 -> #REF! | AK29: =-#REF! -> #REF! | AL29: =#REF! -> #REF! | AM29: =AO29+AP29+AQ29+AR29+AS29 -> #REF! | AN29: 0 | AO29: =IF(#REF!*$AR$5>#REF!-#REF!, #REF!-#REF!, #REF!*$AR$5) -> #REF! | AP29: =#REF!*$AR$5 -> #REF! | AQ29: =#REF!*$AR$5 -> #REF! | AR29: =-#REF! -> #REF! | AS29: =#REF! -> #REF! | AU29: P29-'#ref'! | AV29: V29-'#ref'! | AW29: AD29-'#ref'! | AX29: AM29-'#ref'!
A30: ИТОГО: | C30: =SUM(C10:C16) -> 37165913 | D30: =SUM(D10:D16) -> 0 | F30: =SUM(F10:F16) -> 1.2899737e+08 | G30: =SUM(G10:G16) -> 1.0715564e+08 | I30: =SUM(I10:I16) -> 3391872.5 | J30: =SUM(J10:J16) -> 1.0715564e+08 | L30: =SUM(L10:L16) -> -21431128 | M30: =SUM(M10:M16) -> 1.0715564e+08 | P30: =SUM(P10:P29) -> #REF! | Q30: =SUM(Q10:Q16) -> #REF! | R30: =SUM(R10:R16) -> #REF! | S30: =SUM(S10:S16) -> #REF! | T30: =SUM(T10:T16) -> #REF! | U30: =SUM(U10:U16) -> #REF! | V30: =SUM(V10:V16) -> #REF! | W30: =SUM(W10:W16) -> #REF! | X30: =SUM(X10:X16) -> #REF! | ... AS30: =SUM(AS10:AS16) -> #REF! | AU30: =P30-#REF! -> #REF! | AV30: =V30-#REF! -> #REF! | AW30: =AD30-#REF! -> #REF! | AX30: =AM30-#REF! -> #REF!
C31: =C30+D30 -> 37165913 | F31: =F30+G30 -> 2.3615301e+08 | I31: =I30+J30 -> 1.1054751e+08 | L31: =L30+M30 -> 85724510
